[Event "Titled Tuesday Blitz July 26 Late 2022"]
[White "Guz, Ari"]
[Black "Derraugh, Geordie"]
[WhiteFideId "2825759"]
[BlackFideId "2603950"]
[WhiteElo "1913"]
[BlackElo "2116"]
[Result "0-1"]
[Round "03"]
[TimeControl "180+1"]
[Date "2022.07.27"]
[WhiteClock "0:00:15"]
[BlackClock "0:00:11"]

1. e4 c5 2. Nf3 d6 3. d4 cxd4 4. Nxd4 Nf6 5. Nc3 a6 6. Bg5 e6 7. g4 Nbd7 8. h4 Qa5 9. Bd2 Qb6 10. Nb3 Ne5 11. Be3 Qc6 12. f3 b5 13. g5 Nfd7 14. Nd4 Qc7 15. Bh3 Nc4 16. Bc1 Qc5 17. Bxe6 fxe6 18. Nxe6 Qc6 19. Nd5 Ra7 20. b3 Nce5 21. Be3 Nc5 22. Nd4 Qb7 23. b4 Na4 24. O-O Be7 25. Nb3 Bh3 26. f4 Bxf1 27. fxe5 O-O 28. Na5 Qd7 29. Nxe7+ Qxe7 30. Nc6 Qd7 31. Qd5+ Kh8 32. e6 Qe8 33. Bxa7 Bc4 34. e7 Bxd5 35. exf8=Q+ Qxf8 36. exd5 Nc3 37. Rf1 Ne2+ 38. Kg2 Qe8 39. Be3 Kg8 40. Kf2 Nc3 41. Re1 Nxd5 42. Bd4 Qxc6 43. h5 Qxc2+ 44. Re2 Qf5+ 45. Ke1 Qxg5 46. Rf2 Qc1+ 47. Ke2 Qc2+ 48. Kf3 Qd3+ 0-1


[Site "https://www.chess.com"]

[Event "Titled Tuesday Blitz July 26 Late 2022"]
[White "Hafiz, Arif Abdul"]
[Black "Andreikin, Dmitry"]
[WhiteFideId "7104227"]
[BlackFideId "4158814"]
[WhiteElo "2198"]
[BlackElo "2736"]
[Result "0-1"]
[Round "03"]
[TimeControl "180+1"]
[Date "2022.07.26"]
[WhiteClock "0:00:59"]
[BlackClock "0:01:26"]

1. e4 c5 2. Nc3 a6 3. f4 b5 4. Nf3 Bb7 5. d3 e6 6. g4 d5 7. exd5 exd5 8. Bg2 Bd6 9. O-O Ne7 10. f5 Nd7 11. Qe1 Qc7 12. Bg5 f6 13. Bh4 h5 14. g5 O-O-O 15. Bg3 Nxf5 16. Bxd6 Qxd6 17. Bh3 Rde8 18. Qd2 Ne3 19. Rf2 d4 20. Ne4 Bxe4 21. dxe4 Rxe4 22. gxf6 gxf6 23. Kh1 Ng4 24. Rff1 Rhe8 25. Rae1 Rxe1 26. Rxe1 Rxe1+ 27. Qxe1 Nde5 28. Nxe5 Qxe5 29. Bxg4+ hxg4 30. Qh4 Qe4+ 31. Kg1 Qe3+ 32. Kg2 Qf3+ 33. Kg1 Qd1+ 34. Kg2 Qxc2+ 35. Kg3 Qd3+ 36. Kg2 Qh3+ 0-1


[Site "https://www.chess.com"]

[Event "Titled Tuesday Blitz July 26 Late 2022"]
[White "Horcajuelo Rocamora, Martin"]
[Black "Reprintsev, Alexander"]
[WhiteFideId "24573027"]
[BlackFideId "14100541"]
[WhiteElo "1882"]
[BlackElo "2108"]
[Result "1/2-1/2"]
[Round "03"]
[TimeControl "180+1"]
[Date "2022.07.27"]
[WhiteClock "0:00:09"]
[BlackClock "0:00:44"]

1. e4 d5 2. exd5 Qxd5 3. Nc3 Qa5 4. d4 Nf6 5. Nf3 Nc6 6. Bc4 Bg4 7. Bd2 Qh5 8. Be2 O-O-O 9. Be3 e5 10. d5 Bxf3 11. Bxf3 Qg6 12. Qd3 Qxd3 13. cxd3 Nb4 14. Ke2 Nbxd5 15. Nxd5 Nxd5 16. Rac1 b6 17. a3 f5 18. Rc6 f4 19. Bd2 Bc5 20. b4 Bd4 21. Rhc1 Kb8 22. Bxd5 Rxd5 23. Rxc7 g6 24. a4 h6 25. a5 Rhd8 26. a6 R5d7 27. R7c6 Rg7 28. b5 Bc5 29. Bc3 Re8 30. Kf3 g5 31. h3 h5 32. Ke4 Rge7 33. f3 Bd4 34. Bb4 Bc5 35. Bxc5 bxc5 36. R6xc5 Rd7 37. Rd5 Rxd5 38. Kxd5 Rd8+ 39. Kxe5 Rxd3 40. Rc2 Rb3 41. Rc5 Rb2 42. Kd6 Rxg2 43. Kc6 g4 44. hxg4 hxg4 45. fxg4 Rxg4 46. Rf5 Rg6+ 47. Kc5 Rg4 48. Rf6 Rg8 49. Rxf4 Rc8+ 50. Kb4 Ka8 51. Rf7 Rd8 52. Kc5 Kb8 53. Kc6 Rc8+ 54. Kd6 Rd8+ 55. Rd7 Rh8 56. Re7 Rg8 57. Kd7 Rc8 58. Re6 Rc7+ 59. Kd8 Rc5 60. b6 Rd5+ 61. Ke7 axb6 62. Rxb6+ Ka7 63. Rd6 Rxd6 64. Kxd6 Kxa6 1/2-1/2


[Site "https://www.chess.com"]

[Event "Titled Tuesday Blitz July 26 Late 2022"]
[White "Jacobson, Brandon"]
[Black "Ismagilov, Damir"]
[WhiteFideId "30901561"]
[BlackFideId "34199982"]
[WhiteElo "2362"]
[BlackElo "2138"]
[Result "1-0"]
[Round "03"]
[TimeControl "180+1"]
[Date "2022.07.26"]
[WhiteClock "0:00:03"]
[BlackClock "0:00:14"]

1. Nf3 d5 2. e3 Nf6 3. c4 e6 4. Nc3 Be7 5. b3 O-O 6. Bb2 b6 7. cxd5 exd5 8. d4 Bd6 9. Bd3 a6 10. O-O Bg4 11. e4 dxe4 12. Nxe4 Be7 13. Ng3 Nc6 14. Rc1 Nb4 15. Bb1 Nbd5 16. h3 Be6 17. Ng5 Bd7 18. Qf3 h6 19. N5e4 Bb5 20. Nxf6+ Nxf6 21. Rfe1 Bb4 22. Re5 Bd6 23. Nf5 Bxe5 24. dxe5 Qd2 25. exf6 Qxb2 26. Nxh6+ Kh8 27. Nxf7+ Kg8 28. Nh6+ Kh8 29. Re1 Qxf6 30. Nf5 g6 31. Ne7 Qxf3 32. Nxg6+ Kg7 33. gxf3 Rfe8 34. Rc1 c5 35. Nf4 Rad8 36. Be4 Rd2 37. a4 Bd7 38. a5 bxa5 39. Rxc5 Bb5 40. Rc7+ 1-0


[Site "https://www.chess.com"]

[Event "Titled Tuesday Blitz July 26 Late 2022"]
[White "Jin, Ashton"]
[Black "Yuan, Qingyu"]
[WhiteFideId "30931908"]
[BlackFideId "8609772"]
[WhiteElo "2486"]
[BlackElo "2359"]
[Result "0-1"]
[Round "03"]
[TimeControl "180+1"]
[Date "2022.07.27"]
[WhiteClock "0:00:02"]
[BlackClock "0:00:19"]

1. e4 c6 2. Nc3 d5 3. Nf3 dxe4 4. Nxe4 Nf6 5. Qe2 Nxe4 6. Qxe4 Nd7 7. Bc4 Nf6 8. Ne5 e6 9. Qe2 b5 10. Bd3 Qc7 11. a4 Bd6 12. Nxc6 b4 13. Nd4 a6 14. Nf5 Bb7 15. Nxd6+ Qxd6 16. O-O h5 17. f4 h4 18. h3 Nh5 19. Qe3 Ng3 20. Rf2 O-O 21. b3 Nf5 22. Qe5 Qc6 23. Bxf5 exf5 24. Bb2 Qg6 25. Qe7 Bd5 26. Qxb4 Rfe8 27. Be5 f6 28. Bc3 Re4 29. Qd6 Qf7 30. Rff1 Rae8 31. Rf2 Bb7 32. Raf1 Kh7 33. Qd3 Qg6 34. Kh2 R8e6 35. Bb2 Qh5 36. Bc3 a5 37. Bxa5 Ba6 38. c4 Bb7 39. Bc3 Re2 40. a5 Rxf2 41. Rxf2 Re1 42. Rf1 Re2 43. Rg1 Be4 44. Qd4 Qf3 0-1


[Site "https://www.chess.com"]

[Event "Titled Tuesday Blitz July 26 Late 2022"]
[White "Khripachenko, Alexander"]
[Black "Makarian, Rudik"]
[WhiteFideId "54184975"]
[BlackFideId "44105681"]
[WhiteElo "2147"]
[BlackElo "2403"]
[Result "1/2-1/2"]
[Round "03"]
[TimeControl "180+1"]
[Date "2022.07.26"]
[WhiteClock "0:00:52"]
[BlackClock "0:00:08"]

1. e4 Nc6 2. d4 e5 3. dxe5 Nxe5 4. Nf3 Nxf3+ 5. Qxf3 d6 6. Bc4 Be6 7. Bxe6 fxe6 8. Nc3 Be7 9. Qg4 Kf7 10. O-O Nf6 11. Qh3 e5 12. f4 exf4 13. Bxf4 Qc8 14. Qf3 Qe6 15. Rae1 Rhf8 16. e5 dxe5 17. Rxe5 Qb6+ 18. Be3 Qc6 19. Qxc6 bxc6 20. Ra5 Bb4 21. Ra6 Bxc3 22. bxc3 Rfe8 23. Bd4 Re6 24. Rxa7 Rxa7 25. Bxa7 Kg6 26. Bd4 Nd7 27. Kf2 c5 28. Be3 Ra6 29. Rd1 Nf6 30. Kf3 Rxa2 31. Bxc5 Rxc2 32. Bd4 Ne8 33. Re1 Kf7 34. Re5 g6 35. h4 Ra2 36. h5 Ra6 37. hxg6+ hxg6 38. g4 Re6 39. Rc5 c6 40. Kf4 Nc7 41. Ra5 Nd5+ 42. Kg5 Re4 43. Ra7+ Ke6 44. Rg7 c5 45. Rxg6+ Kd7 46. Bh8 Rc4 47. Kh6 Nxc3 48. Bxc3 Rxc3 49. g5 c4 50. Rg7+ Kc6 51. Rg8 Rh3+ 52. Kg7 c3 53. Rc8+ Kd5 54. g6 Kd4 55. Kf6 Rf3+ 56. Ke7 Rg3 57. Kf7 Kd3 58. g7 c2 59. Rd8+ Kc3 60. Rc8+ Kd2 61. Rxc2+ Kxc2 62. g8=Q Rxg8 63. Kxg8 1/2-1/2


[Site "https://www.chess.com"]

[Event "Titled Tuesday Blitz July 26 Late 2022"]
[White "Kopczynski, Michal"]
[Black "Csonka, Balazs"]
[WhiteFideId "1124200"]
[BlackFideId "742910"]
[WhiteElo "2235"]
[BlackElo "2404"]
[Result "0-1"]
[Round "03"]
[TimeControl "180+1"]
[Date "2022.07.26"]
[WhiteClock "0:00:04"]
[BlackClock "0:00:04"]

1. e4 e5 2. Nf3 Nc6 3. Bb5 Nge7 4. O-O g6 5. c3 a6 6. Ba4 Bg7 7. d4 exd4 8. cxd4 b5 9. Bb3 d6 10. h3 O-O 11. a4 Bb7 12. axb5 axb5 13. Rxa8 Qxa8 14. Nc3 Na5 15. Bc2 b4 16. Nb5 Qb8 17. Re1 Ba6 18. Bg5 Re8 19. Qa1 Nec6 20. d5 Bxb5 21. dxc6 Nxc6 22. Bb3 Qa8 23. Qc1 Na5 24. Bd5 c6 25. Ba2 b3 26. Bb1 Nc4 27. Re2 Qa1 28. Re1 Qxb2 29. Qf4 Na3 30. Qd2 Qxd2 31. Bxd2 b2 32. Ba2 Bd3 33. Bb4 b1=Q 34. Bxb1 Nxb1 35. Bxd6 Nc3 36. e5 Ne4 37. Bc7 Nc5 38. Rc1 Ne6 39. Bd6 Be4 40. Nd2 Bd5 41. f3 Nd4 42. Kf2 Nb5 43. Nc4 Nxd6 44. exd6 Rd8 45. Na5 Bf8 46. Nxc6 Bxc6 47. Rxc6 Rxd6 48. Rc8 Re6 49. Kg3 Kg7 50. f4 h5 51. Kf3 Bd6 52. g4 hxg4+ 53. hxg4 Rf6 54. f5 gxf5 55. gxf5 Rxf5+ 56. Ke4 Rf6 57. Rc6 Re6+ 58. Kf5 Rf6+ 59. Kg5 Be7 60. Rxf6 Bxf6+ 0-1


[Site "https://www.chess.com"]

[Event "Titled Tuesday Blitz July 26 Late 2022"]
[White "Kovacevic, Radmila"]
[Black "Krstulovic, Alex"]
[WhiteFideId "933171"]
[BlackFideId "760056"]
[WhiteElo "2157"]
[BlackElo "2244"]
[Result "1-0"]
[Round "03"]
[TimeControl "180+1"]
[Date "2022.07.27"]
[WhiteClock "0:00:10"]
[BlackClock "0:00:01"]

1. e4 c5 2. Nf3 e6 3. d4 cxd4 4. Nxd4 Nf6 5. Bd3 Nc6 6. Nxc6 bxc6 7. O-O d5 8. e5 Nd7 9. Re1 Qc7 10. Qe2 c5 11. c3 Bb7 12. Bf4 Be7 13. Bg3 h5 14. h3 O-O-O 15. Ba6 Nb6 16. Na3 Bxa6 17. Qxa6+ Qb7 18. Qa5 Kb8 19. Rab1 d4 20. c4 d3 21. Rbd1 Rd4 22. b3 a6 23. Re3 Rhd8 24. Qc3 h4 25. Bh2 Bg5 26. Rexd3 Qe4 27. Rxd4 Rxd4 28. Qe1 Ka7 29. Nb1 Qxe1+ 30. Rxe1 a5 31. Kf1 a4 32. Ke2 axb3 33. axb3 Nd7 34. Rd1 Rxd1 35. Kxd1 Nb8 36. f4 Be7 37. Nc3 Nc6 38. Nb5+ Kb6 39. Bg1 Na5 40. Kc2 Kc6 41. Nc3 Kb6 42. Ne4 Nc6 43. Kc3 Na7 44. b4 Kc6 45. Nxc5 Nc8 46. b5+ Kb6 47. Nxe6+ Ka5 48. Nxg7 Bb4+ 49. Kb3 Ne7 50. Nh5 Nf5 51. Bf2 Be7 52. g3 Bd8 53. gxh4 Ng7 54. Bc5 Nxh5 55. Bb4+ Kb6 56. Ka4 Nxf4 57. c5+ Kb7 58. c6+ Kc8 59. Bc5 Nd5 60. Kb3 Bxh4 61. Kc4 Nc7 62. b6 Ne6 63. b7+ Kb8 64. Bd6+ Nc7 65. Kc5 Bd8 66. Kb6 f6 67. exf6 1-0


[Site "https://www.chess.com"]

[Event "Titled Tuesday Blitz July 26 Late 2022"]
[White "Kravtsiv, Martyn"]
[Black "Wachinger, Guenther"]
[WhiteFideId "14113147"]
[BlackFideId "4604261"]
[WhiteElo "2694"]
[BlackElo "2212"]
[Result "1/2-1/2"]
[Round "03"]
[TimeControl "180+1"]
[Date "2022.07.27"]
[WhiteClock "0:00:44"]
[BlackClock "0:00:07"]

1. e4 c5 2. Nf3 d6 3. Bb5+ Bd7 4. Bxd7+ Nxd7 5. O-O Ngf6 6. Qe2 e6 7. b3 Be7 8. Bb2 O-O 9. d4 cxd4 10. Nxd4 Rc8 11. c4 a6 12. Nc3 Qa5 13. Rac1 Rfd8 14. Kh1 Qh5 15. f3 Bf8 16. g4 Qh3 17. Qg2 Qxg2+ 18. Kxg2 Nc5 19. Rfd1 h6 20. Rc2 d5 21. cxd5 exd5 22. e5 Nfd7 23. f4 Nb6 24. Re2 Ne6 25. Kg3 Nxd4 26. Rxd4 Bc5 27. Rd3 Na8 28. Nxd5 Nc7 29. Red2 Nxd5 30. Rxd5 Rxd5 31. Rxd5 Be3 32. e6 fxe6 33. Rd7 g5 34. fxg5 hxg5 35. Rxb7 Rc2 36. Be5 Rxa2 37. Kf3 Bf4 38. Bxf4 gxf4 39. h4 Rh2 40. h5 e5 41. Re7 Rh3+ 42. Kf2 Rxb3 43. g5 Kf8 44. Rxe5 Kf7 45. Rf5+ Kg7 46. Rxf4 Rb5 47. Rg4 a5 48. Kf3 Rb3+ 49. Ke2 Rh3 50. h6+ Kg6 51. Kf2 a4 52. Kg2 Rh5 53. Kf3 a3 54. Kf4 a2 55. Rg1 Rh4+ 56. Ke5 Ra4 57. Ra1 Ra5+ 58. Ke6 Ra6+ 59. Kd5 Ra5+ 60. Kc6 Rxg5 61. Rxa2 Kxh6 62. Rf2 Kg6 63. Kd6 Rf5 64. Rg2+ Kf6 65. Rg1 Rf3 66. Kd5 Rd3+ 67. Ke4 Ra3 68. Rc1 Ra4+ 69. Ke3 Ra3+ 70. Kd4 Ra4+ 71. Kc5 Ra5+ 72. Kd6 Rf5 73. Rh1 Rf3 74. Rh6+ Kg5 75. Re6 Rd3+ 76. Ke7 Kf4 77. Rd6 Rxd6 78. Kxd6 1/2-1/2


[Site "https://www.chess.com"]

[Event "Titled Tuesday Blitz July 26 Late 2022"]
[White "Lashkin, Jegor"]
[Black "Pham, Khoi"]
[WhiteFideId "13907808"]
[BlackFideId "1054988"]
[WhiteElo "2368"]
[BlackElo "2314"]
[Result "1-0"]
[Round "03"]
[TimeControl "180+1"]
[Date "2022.07.26"]
[WhiteClock "0:00:31"]
[BlackClock "0:00:08"]

1. d4 Nf6 2. Nf3 g6 3. b3 Bg7 4. Bb2 d5 5. e3 O-O 6. Be2 c6 7. O-O a5 8. c4 Na6 9. Nc3 Ne4 10. Nxe4 dxe4 11. Nd2 f5 12. f3 exf3 13. Nxf3 Nc7 14. Bd3 b5 15. Qe2 Kh8 16. Rad1 a4 17. Bc3 axb3 18. axb3 Be6 19. Ra1 bxc4 20. bxc4 c5 21. Qc2 cxd4 22. exd4 Ne8 23. d5 Bg8 24. Bxg7+ Kxg7 25. Rxa8 Qxa8 26. Re1 Qa7+ 27. Kh1 Nf6 28. Ne5 Qc5 29. h3 Rc8 30. Qb2 Qd6 31. Nf3 Rb8 32. Qd4 Kf8 33. Ne5 e6 34. Nc6 exd5 35. Nxb8 1-0


[Site "https://www.chess.com"]

[Event "Titled Tuesday Blitz July 26 Late 2022"]
[White "Leenhouts, Koen"]
[Black "Wieczorek, Oskar"]
[WhiteFideId "1008439"]
[BlackFideId "1133950"]
[WhiteElo "2409"]
[BlackElo "2330"]
[Result "0-1"]
[Round "03"]
[TimeControl "180+1"]
[Date "2022.07.26"]
[WhiteClock "0:00:09"]
[BlackClock "0:00:22"]

1. d4 Nf6 2. c4 c5 3. d5 b5 4. Nd2 bxc4 5. e4 c3 6. bxc3 d6 7. Bd3 g6 8. Ngf3 Bg7 9. O-O O-O 10. Rb1 Bg4 11. Qa4 Nbd7 12. h3 Nb6 13. Qa6 Bc8 14. Qa3 e6 15. c4 exd5 16. exd5 Nh5 17. Nb3 a5 18. Bg5 Nf6 19. Rfe1 Ba6 20. Nbd2 h6 21. Bh4 g5 22. Bg3 Nh5 23. Bh2 a4 24. Qc1 a3 25. Ne4 Nc8 26. Qxa3 Nf4 27. Bxf4 gxf4 28. Qc1 f5 29. Nc3 Nb6 30. Nb5 Bxb5 31. Rxb5 Rxa2 32. Qxf4 Na4 33. Bf1 Nc3 34. Rb7 Ne4 35. Rxe4 fxe4 36. Qxe4 Qf6 37. Bd3 Ra1+ 38. Kh2 Qf4+ 39. Qxf4 Rxf4 40. Rd7 Ra3 41. Bf1 Ra2 42. Rxd6 Rxf3 43. Rc6 Rfxf2 44. Rxc5 Rxf1 0-1


[Site "https://www.chess.com"]

[Event "Titled Tuesday Blitz July 26 Late 2022"]
[White "Leiva, Gianmarco"]
[Black "Fedoseev, Vladimir"]
[WhiteFideId "3804399"]
[BlackFideId "24130737"]
[WhiteElo "2323"]
[BlackElo "2726"]
[Result "0-1"]
[Round "03"]
[TimeControl "180+1"]
[Date "2022.07.26"]
[WhiteClock "0:00:01"]
[BlackClock "0:00:05"]

1. e4 e6 2. d4 d5 3. Nd2 c5 4. Ngf3 Nc6 5. exd5 exd5 6. Bb5 Bd6 7. dxc5 Bxc5 8. Nb3 Bd6 9. Qe2+ Ne7 10. O-O O-O 11. c3 Bg4 12. h3 Bh5 13. Qd1 Qc7 14. Be2 a6 15. Nfd4 Bg6 16. Be3 Ne5 17. Bf4 Rfd8 18. Bg3 h6 19. Re1 Nc4 20. Bxd6 Rxd6 21. Bxc4 dxc4 22. Nd2 Nf5 23. N2f3 Rad8 24. Qc1 Nxd4 25. Nxd4 b5 26. a3 Bd3 27. Qf4 Qd7 28. Re3 Rf6 29. Qg3 Rg6 30. Qf4 Qd5 31. Qf3 Qxf3 32. Nxf3 Rgd6 33. Nd4 Kf8 34. Rae1 R6d7 35. Nc6 Rc8 36. Nd4 g6 37. g4 Kg7 38. Re7 Rxe7 39. Rxe7 Rd8 40. f4 Rd6 41. Kf2 Kf6 42. Re8 g5 43. Ke3 Bf1 44. Re5 Bxh3 45. Rf5+ Kg6 46. Kf3 Rxd4 47. cxd4 Bxg4+ 0-1


[Site "https://www.chess.com"]

[Event "Titled Tuesday Blitz July 26 Late 2022"]
[White "MacDaddyMac"]
[Black "Bordi, Kevin"]
[BlackFideId "621862"]
[WhiteElo "2574"]
[BlackElo "2833"]
[Result "0-1"]
[Round "03"]
[TimeControl "180+1"]
[Date "2022.07.26"]
[WhiteClock "0:00:20"]
[BlackClock "0:00:12"]

1. e4 d5 2. exd5 Qxd5 3. Nc3 Qa5 4. Qf3 Nf6 5. h3 Nc6 6. Bb5 Bd7 7. Nge2 O-O-O 8. O-O Kb8 9. d4 g5 10. Bxg5 Rg8 11. Bxf6 exf6 12. a3 a6 13. b4 Qb6 14. Bxc6 Bxc6 15. d5 Bd7 16. Ne4 f5 17. N4g3 Qf6 18. c4 Bh6 19. Rad1 f4 20. Nh5 Qh4 21. Nhxf4 Rde8 22. Rd3 Rg7 23. Nh5 Rg6 24. Nef4 Bxf4 25. Nxf4 Rf6 26. g3 Rg8 27. Kh2 Qh6 28. Re1 Bxh3 29. Qh5 Bf5 30. Rd4 Qg7 31. Kg2 Rh6 32. Qxf5 Qxd4 33. Qxf7 Rc8 34. c5 Rf6 35. Qxh7 Rxf4 36. gxf4 Qxf4 37. Re4 Qg5+ 38. Kf1 Qxd5 39. Re3 Rd8 40. Qe4 Qd1+ 41. Re1 Qh5 42. Re3 Rd1+ 43. Re1 Qh3+ 44. Kg1 Rd8 45. Qg2 Qh7 46. Qg4 Rg8 47. Qxg8+ Qxg8+ 48. Kf1 Qc4+ 49. Kg1 Qb3 50. Re3 Qb1+ 51. Kg2 Qg6+ 52. Kf3 Qf5+ 53. Ke2 b6 54. cxb6 cxb6 55. Rf3 Qc2+ 56. Kf1 Qd1+ 57. Kg2 Qd5 58. Kg3 Qg5+ 59. Kh2 Kb7 60. Re3 Qf4+ 61. Kg2 Kc6 62. Kf1 Kb5 63. Ke2 Ka4 64. f3 Qc4+ 65. Kf2 Qc2+ 66. Kg3 Qc1 67. Kf2 Qb2+ 68. Kg3 Qg7+ 69. Kf2 Qg5 70. Ke2 Qf4 71. Kf2 Kb5 72. Ke2 Qh2+ 73. Ke1 Kc4 74. Kf1 Kd4 75. Re4+ Kd3 76. Re6 Qh3+ 0-1


[Site "https://www.chess.com"]

[Event "Titled Tuesday Blitz July 26 Late 2022"]
[White "Maksimovic, Bojan"]
[Black "Plotnikov, Pavel"]
[WhiteFideId "14408120"]
[BlackFideId "4170342"]
[WhiteElo "2453"]
[BlackElo "2298"]
[Result "1-0"]
[Round "03"]
[TimeControl "180+1"]
[Date "2022.07.26"]
[WhiteClock "0:00:10"]
[BlackClock "0:00:16"]

1. e4 e6 2. d4 d5 3. Nc3 Nf6 4. Bg5 Be7 5. e5 Nfd7 6. Bxe7 Qxe7 7. Nb5 Nb6 8. c3 a6 9. Na3 c5 10. Nc2 Nc6 11. f4 O-O 12. Nf3 f6 13. Bd3 Bd7 14. O-O Be8 15. exf6 Rxf6 16. g3 Bh5 17. Qd2 Bxf3 18. Rxf3 cxd4 19. Nxd4 Nxd4 20. cxd4 Nc4 21. Qe2 b5 22. b3 Nd6 23. Re1 Qd7 24. Re3 Re8 25. Qc2 g6 26. Kg2 Kg7 27. R1e2 Rc8 28. Qd2 Rc6 29. Qe1 Nf7 30. Rc2 Rxc2+ 31. Bxc2 g5 32. fxg5 Nxg5 33. Qe2 Qc6 34. Bd3 Qc1 35. h4 Nf7 36. Rxe6 Rxe6 37. Qxe6 Qb2+ 38. Kh3 Qxd4 39. Qf5 h6 40. Qg6+ Kf8 41. Qf5 Qe5 42. Kg4 h5+ 43. Kh3 Qxf5+ 44. Bxf5 Kg7 45. Kg2 b4 46. Bd3 a5 47. Be2 Kg6 48. Kf3 Ne5+ 49. Kf4 Nc6 50. Ke3 Kh6 51. Bb5 Na7 52. Bd7 Kg6 53. Kd4 Kf6 54. Kxd5 Ke7 55. Bf5 Nc8 56. Bg6 Nb6+ 57. Kc5 Nd7+ 58. Kb5 Ne5 59. Bxh5 Nd3 60. Kxa5 Nc1 61. Kxb4 Nxa2+ 62. Kc4 Nc1 63. b4 Kd6 64. b5 Na2 65. Bf3 Kc7 66. h5 Nc1 67. h6 1-0


[Site "https://www.chess.com"]

[Event "Titled Tuesday Blitz July 26 Late 2022"]
[White "Manelyuk, Daniil"]
[Black "Alexiadis, Hristos"]
[WhiteFideId "44173920"]
[BlackFideId "4249623"]
[WhiteElo "2209"]
[BlackElo "2416"]
[Result "0-1"]
[Round "03"]
[TimeControl "180+1"]
[Date "2022.07.27"]
[WhiteClock "0:00:02"]
[BlackClock "0:00:26"]

1. e4 e5 2. Nf3 Nc6 3. Bb5 Nge7 4. O-O a6 5. Ba4 g6 6. Nc3 Bg7 7. d4 Nxd4 8. Nxd4 exd4 9. Nd5 Nxd5 10. exd5 O-O 11. Bf4 d6 12. Qd2 Qf6 13. Bh6 b5 14. Bxg7 Kxg7 15. Bb3 Re8 16. Rfd1 Bf5 17. Qxd4 Qxd4 18. Rxd4 Re2 19. Kf1 Rae8 20. Rc1 h5 21. a4 R2e4 22. Rxe4 Rxe4 23. axb5 axb5 24. Ra1 Rd4 25. Ra7 Be4 26. f3 Bxd5 27. c3 Bc4+ 28. Ke1 Rd5 29. Bxc4 bxc4 30. Rb7 Rc5 31. Ke2 Kf6 32. Ke3 Ke5 33. Rb8 Rc6 34. Rf8 Kf6 35. Rc8 Ke5 36. g4 hxg4 37. fxg4 Kf6 38. h4 Rb6 39. Rxc7 Rxb2 40. Rxc4 Rh2 41. Kf3 Rxh4 42. Rd4 Rh3+ 43. Kf4 g5+ 44. Ke4 Ke6 45. Rc4 d5+ 46. Kd4 dxc4 0-1


[Site "https://www.chess.com"]

[Event "Titled Tuesday Blitz July 26 Late 2022"]
[White "Matinian, Nikita"]
[Black "Martinez Alcantara, Jose Eduardo"]
[WhiteFideId "24129100"]
[BlackFideId "3805662"]
[WhiteElo "2422"]
[BlackElo "2703"]
[Result "0-1"]
[Round "03"]
[TimeControl "180+1"]
[Date "2022.07.26"]
[WhiteClock "0:00:05"]
[BlackClock "0:00:04"]

1. e4 Nc6 2. Nf3 d6 3. d4 Nf6 4. Nc3 g6 5. d5 Nb8 6. Bf4 Bg7 7. Qd2 Bg4 8. O-O-O Bxf3 9. gxf3 Nbd7 10. h4 c6 11. dxc6 bxc6 12. Bc4 Qb6 13. Bb3 h5 14. Rhe1 Rd8 15. Kb1 O-O 16. Bh6 Ne5 17. Bxg7 Kxg7 18. Qe2 e6 19. f4 Neg4 20. f3 Nh6 21. Rg1 d5 22. a3 Qc7 23. Qe3 Rfe8 24. Na4 dxe4 25. fxe4 Nhg4 26. Qf3 c5 27. e5 Ng8 28. Qc3 Rxd1+ 29. Rxd1 Rc8 30. Rd6 Ne7 31. Bc4 Nf5 32. Ra6 Nxh4 33. Bxe6 fxe6 34. Rxe6 Kh7 35. Qd3 Nf5 36. Nc3 Rd8 37. Qc4 Nge3 38. Qb5 Qd7 39. Rc6 h4 40. Qxc5 Kh6 41. Rc7 Qd4 42. Qc6 Nd5 43. Nxd5 Qxd5 44. Qf6 Qh1+ 45. Ka2 Qd5+ 46. b3 Rd7 47. Qg5+ Kg7 48. Qf6+ Kh7 49. Rc8 Rg7 50. Qf8 Qg8 51. Qxg8+ Rxg8 52. Rc7+ Rg7 53. Rc3 Re7 54. Rh3 g5 55. fxg5 Kg6 56. c4 Kxg5 57. b4 Rxe5 58. c5 Kg4 59. Rh1 Ng3 60. Rc1 Re8 61. c6 h3 62. b5 h2 63. a4 Ne2 64. Rf1 Ng1 65. Rf7 h1=Q 66. Rg7+ Kf5 67. Rf7+ Kg6 0-1


[Site "https://www.chess.com"]

[Event "Titled Tuesday Blitz July 26 Late 2022"]
[White "Melaugh, Shane"]
[Black "Hardaway, Brewington"]
[WhiteFideId "2509580"]
[BlackFideId "30941849"]
[WhiteElo "1938"]
[BlackElo "1813"]
[Result "0-1"]
[Round "03"]
[TimeControl "180+1"]
[Date "2022.07.27"]
[WhiteClock "0:00:03"]
[BlackClock "0:00:22"]

1. c4 Nf6 2. Nc3 e5 3. Nf3 d6 4. e4 g6 5. g3 Bg7 6. Bg2 O-O 7. O-O Nc6 8. d3 Bg4 9. h3 Bxf3 10. Qxf3 Nd4 11. Qd1 Nd7 12. Be3 Ne6 13. f4 c6 14. f5 Nd4 15. Qd2 Nc5 16. b4 Na6 17. a3 Nc7 18. Rad1 a5 19. Ne2 axb4 20. axb4 d5 21. Nxd4 exd4 22. Bh6 Be5 23. Bxf8 Qxf8 24. exd5 cxd5 25. cxd5 Bxg3 26. Qg5 Bd6 27. fxg6 hxg6 28. h4 Qe7 29. Qxe7 Bxe7 30. b5 Nxb5 31. Rb1 Nd6 32. Rf4 Nf5 33. h5 Bg5 34. Rg4 Be3+ 35. Kh1 g5 36. Be4 Nh6 37. Rg2 f5 38. Bf3 g4 39. Rxb7 Ra1+ 40. Kh2 Bf4+ 41. Rg3 Bxg3+ 42. Kxg3 gxf3 43. Kxf3 Rf1+ 44. Ke2 Rc1 45. d6 Nf7 46. d7 Rc2+ 47. Kd1 Rc3 48. Rb8+ Kg7 49. d8=Q Nxd8 50. Rxd8 Rxd3+ 51. Ke2 Re3+ 52. Kf2 Re4 53. Rd6 Rh4 54. Rg6+ Kf7 55. Rd6 Ke7 56. Rh6 d3 57. Ke3 Rd4 58. Rh7+ Kf6 59. Kd2 Kg5 60. h6 Kg6 61. Rh8 f4 62. Kd1 d2 63. Rf8 Kxh6 64. Rf7 Kg5 65. Rf8 Kg4 66. Rg8+ Kf3 67. Rf8 Ke3 68. Re8+ Kf3 69. Rg8 Kf2 70. Rh8 f3 71. Rh2+ Kg1 72. Rh8 Rg4 73. Kxd2 f2 74. Rf8 f1=Q 75. Rxf1+ Kxf1 76. Ke3 Kg2 0-1


[Site "https://www.chess.com"]

[Event "Titled Tuesday Blitz July 26 Late 2022"]
[White "Melikyan, Gnel"]
[Black "Fiedorek, Michal"]
[WhiteFideId "54109990"]
[BlackFideId "1199528"]
[WhiteElo "1772"]
[BlackElo "1833"]
[Result "1/2-1/2"]
[Round "03"]
[TimeControl "180+1"]
[Date "2022.07.27"]
[WhiteClock "0:00:09"]
[BlackClock "0:00:08"]

1. a3 g6 2. c4 Bg7 3. Nf3 Nf6 4. Nc3 c5 5. e3 O-O 6. b4 b6 7. Be2 Bb7 8. Rb1 cxb4 9. axb4 d6 10. d4 Nbd7 11. Bb2 Ne4 12. Nxe4 Bxe4 13. Bd3 Bb7 14. O-O e5 15. dxe5 dxe5 16. Nd2 Qc7 17. Qb3 Rfe8 18. Be4 a5 19. bxa5 Rxa5 20. Bxb7 Qxb7 21. Bc3 Ra7 22. Qb5 Rc8 23. Rfd1 Qc6 24. Qxc6 Rxc6 25. Kf1 f5 26. Ra1 Rcc7 27. Ke2 Kf7 28. f3 h5 29. Rdb1 Bf6 30. h3 Be7 31. e4 f4 32. Rxa7 Rxa7 33. Ra1 Rc7 34. Kd3 Nc5+ 35. Kc2 Ne6 36. Kb3 Kf6 37. Ra8 Bc5 38. Re8 Bd4 39. Bb4 Ra7 40. Ba3 Nc5+ 41. Bxc5 bxc5 42. Rf8+ Kg7 43. Rd8 Ra1 44. Rd7+ Kh6 45. Kc2 Kg5 46. Nb3 Rg1 47. Nxd4 exd4 48. Rd5+ Kf6 49. Rxc5 Rxg2+ 50. Kd3 Rg3 51. Rc6+ Ke5 52. Rc5+ Ke6 53. Kxd4 Rxf3 54. Rc6+ Kf7 55. h4 Rf1 56. Ke5 f3 57. Rf6+ Kg7 58. c5 f2 59. c6 Rc1 60. Rxf2 Rxc6 61. Rd2 Rc3 62. Rh2 Rc6 63. Kd5 Rc3 64. e5 Rd3+ 65. Ke6 Rd1 66. Ke7 Re1 67. e6 Re4 68. Kd7 Kf6 69. Rf2+ Kg7 70. e7 Rd4+ 71. Ke8 Re4 72. Rd2 g5 73. hxg5 h4 74. Rh2 Kg6 75. Kf8 Kxg5 76. e8=Q Rxe8+ 77. Kxe8 Kg4 78. Kf7 Kg3 79. Rc2 h3 80. Kf6 h2 81. Rc1 Kg2 82. Kf5 h1=Q 83. Rxh1 Kxh1 1/2-1/2


[Site "https://www.chess.com"]

[Event "Titled Tuesday Blitz July 26 Late 2022"]
[White "Mortazavi, Ali"]
[Black "Xiong, Jeffery"]
[WhiteFideId "401323"]
[BlackFideId "2047640"]
[WhiteElo "2339"]
[BlackElo "2714"]
[Result "1-0"]
[Round "03"]
[TimeControl "180+1"]
[Date "2022.07.26"]
[WhiteClock "0:00:04"]
[BlackClock "0:00:02"]

1. e4 g6 2. d4 Bg7 3. Nc3 a6 4. Be3 b5 5. a4 b4 6. Nce2 Bb7 7. Ng3 h5 8. f3 h4 9. N3e2 d6 10. Qd2 Nd7 11. Nh3 c5 12. c3 bxc3 13. bxc3 Ngf6 14. Nf2 Rc8 15. Nf4 cxd4 16. cxd4 e5 17. dxe5 Nxe5 18. Rb1 Qd7 19. Be2 O-O 20. O-O Nc4 21. Bxc4 Rxc4 22. Rb6 d5 23. e5 Ne8 24. e6 fxe6 25. Nxe6 Rf6 26. Nxg7 Rxb6 27. Bxb6 Nxg7 28. Ng4 Qd6 29. Bd4 Nf5 30. Be5 Qe6 31. Re1 h3 32. Nh6+ Kh7 33. Nxf5 Qxf5 34. Bd6 Rc2 35. Qb4 Rxg2+ 36. Kh1 g5 37. Qxb7+ Kg6 38. Qe7 1-0


[Site "https://www.chess.com"]